 Dungeon Sprint DCSS version 0.20.1-1-g8b1a95d (webtiles) character file.

1269 NeonDemon the Covert (level 8, -3/52 HPs)
             Began as a Spriggan Assassin on Sept 15, 2017.
             Was a Follower of Kikubaaqudgha.
             Slain by an orange demon (6 damage)
             ... summoned by a kobold demonologist
             ... in the Dungeon (Sprint I: "Red Sonja").
             The game lasted 00:05:29 (591 turns).

NeonDemon the Covert (Spriggan Assassin)             Turns: 591, Time: 00:05:30

Health: -3/52      AC:  3    Str:  7    XL:     8   Next: 28%
Magic:  9/9        EV: 27    Int: 12    God:    Kikubaaqudgha [*.....]
Gold:   530        SH:  0    Dex: 20    Spells: 7/7 levels left

rFire    . . .     SeeInvis +   a - +2 dagger
rCold    . . .     Gourm    .   (shield restricted)
rNeg     . . .     Faith    .   c - +0 robe
rPois    .         Spirit   .   (helmet restricted)
rElec    .         Reflect  .   d - +0 cloak
rCorr    .         Harm     .   (gloves unavailable)
MR       +....     NoTele   +   (boots unavailable)
Stlth    ++++++....             (no amulet)
Regen    0.2/turn               (no ring)
MPRegen  0.2/turn               (no ring)

@: very quick
A: unfitting armour, see invisible, herbivore 3, speed 3, slow metabolism 2
a: Receive Corpses, Renounce Religion


You were in the Dungeon.
You worshipped Kikubaaqudgha.
Kikubaaqudgha was aware of your devotion.
You were not hungry.

You visited 1 branch You collected 530 gold pieces.

Inventory:

Hand Weapons
 a - a +2 dagger (weapon)
 b - a +0 blowgun
Missiles
 e - 8 poisoned needles
 f - 4 curare-tipped needles
Armour
 c - a +0 robe (worn)
 d - a +0 cloak (worn)
Wands
 n - a wand of digging (7/24)
Potions
 i - a potion of heal wounds
 j - a potion of haste
 k - 2 potions of magic
Comestibles
 g - a bread ration


   Skills:
 * Level 11.0 Fighting
 + Level 6.7 Short Blades
 - Level 2.0 Throwing
 - Level 10.0 Dodging
 + Level 14.7 Stealth


You had 7 spell levels left.
You didn't know any spells.

Dungeon Overview and Level Annotations

Branches:
Dungeon (1/1)

Altars:
Cheibriados
Dithmenos
Elyvilon
Fedhas
Gozag
Hepliaklqana
Kikubaaqudgha
Makhleb
Nemelex Xobeh
Okawaru
Qazlal
Ru
Sif Muna
Trog
Uskayaw
Vehumet
Xom
Yredelemnul
Zin
The Shining One
Jiyva
Lugonu

Shops:
D (=


Innate Abilities, Weirdness & Mutations

You are very small and have problems with some larger weapons.
You are too small for most types of armour.
You have supernaturally acute eyesight. (SInv)
You are a herbivore.
You cover ground extremely quickly.
You need consume almost no food.


Message History

The ice devil barely misses you. The white imp completely misses you.
The orange demon misses you.
You hit the kobold demonologist.
The kobold demonologist is almost dead.
The kobold demonologist completely misses you.
The iron imp hits you!
The crimson imp blinks!
You hit the kobold demonologist but do no damage.
The kobold demonologist is almost dead.
The white imp gestures at you. The puff of frost hits you!
* * * LOW HITPOINT WARNING * * *
The orange demon completely misses you. The ice devil completely misses you.
The kobold demonologist hits you with a dagger.
* * * LOW HITPOINT WARNING * * *
You hit the kobold demonologist but do no damage.
The kobold demonologist is almost dead.
The soul eater completely misses you. The iron imp completely misses you.
The ice devil completely misses you. The orange demon stings you from afar.
You die...
Kikubaaqudgha rasps: "You have failed me!
Welcome... death!"

####################
#<4#34'..#..5..#__#.
#.5@K.#.)'5.#..'.5'K
#55#####'#####'#__##
#..####..#...#.####
#..#__####..##[#
#..#_____##'#..+
#⌠⌠#_.∩...'..._#
####_..__##_.#+#
#_____###'#
############.##


You could see a soul eater, an orange demon, an ice devil, a kobold
demonologist, an iron imp, a crimson imp and a white imp.

Vanquished Creatures
  Sonja
  A slime creature Sigmund
  A yak
  A floating eye
  An ogre
  A jelly Ijyb
8 creatures vanquished.

Notes
Turn   | Place    | Note
-------+----------+-------------------------------------------
     0 | D        | NeonDemon the Spriggan Assassin began the quest for the Orb.
     0 | D        | Reached XP level 1. HP: 10/10 MP: 2/2
     1 | D        | Noticed Ijyb
    23 | D        | Killed Ijyb
    23 | D        | Reached skill level 3 in Fighting
    23 | D        | Reached skill level 4 in Dodging
    23 | D        | Reached skill level 7 in Stealth
    23 | D        | Reached XP level 2. HP: 9/17 MP: 3/3
   175 | D        | Noticed an ogre
   178 | D        | Killed an ogre
   178 | D        | Reached skill level 5 in Fighting
   178 | D        | Reached skill level 6 in Dodging
   178 | D        | Reached skill level 9 in Stealth
   178 | D        | Reached XP level 3. HP: 23/23 MP: 4/4
   178 | D        | Reached XP level 4. HP: 27/27 MP: 5/5
   194 | D        | Noticed Sigmund
   205 | D        | Killed Sigmund
   205 | D        | Reached skill level 7 in Fighting
   205 | D        | Reached skill level 8 in Dodging
   205 | D        | Reached skill level 11 in Stealth
   205 | D        | Reached XP level 5. HP: 24/33 MP: 6/6
   298 | D        | Found a deep blue altar of Sif Muna.
   300 | D        | Found a radiant altar of Vehumet.
   304 | D        | Reached XP level 6. HP: 39/39 MP: 7/7
   326 | D        | Found Maneasestru's Jewellery Emporium.
   326 | D        | Found an ancient bone altar of Kikubaaqudgha.
   326 | D        | Found a hazy altar of Hepliaklqana.
   326 | D        | Found a hide-covered altar of Uskayaw.
   326 | D        | Found a basalt altar of Yredelemnul.
   326 | D        | Found an opulent altar of Gozag.
   326 | D        | Found a snail-covered altar of Cheibriados.
   326 | D        | Found a sacrificial altar of Ru.
   326 | D        | Found a shadowy altar of Dithmenos.
   326 | D        | Noticed a yak
   327 | D        | Found a stormy altar of Qazlal.
   327 | D        | Found a blossoming altar of Fedhas.
   327 | D        | Found a bloodstained altar of Trog.
   327 | D        | Found an iron altar of Okawaru.
   327 | D        | Found a glowing golden altar of the Shining One.
   327 | D        | Found a glowing silver altar of Zin.
   327 | D        | Found a white marble altar of Elyvilon.
   328 | D        | Killed a yak
   328 | D        | Reached skill level 8 in Fighting
   328 | D        | Reached skill level 10 in Dodging
   328 | D        | Reached skill level 12 in Stealth
   329 | D        | Found a sparkling altar of Nemelex Xobeh.
   427 | D        | Became a worshipper of Kikubaaqudgha
   438 | D        | Noticed Sonja
   442 | D        | Killed Sonja
   442 | D        | Reached skill level 10 in Fighting
   442 | D        | Reached skill level 5 in Short Blades
   442 | D        | Reached skill level 14 in Stealth
   442 | D        | Reached XP level 7. HP: 46/46 MP: 8/8
   459 | D        | Found Siubuo's Antique Weapon Boutique.
   487 | D        | Found a burning altar of Makhleb.
   487 | D        | Found a viscous altar of Jiyva.
   487 | D        | Found a shimmering altar of Xom.
   487 | D        | Found a corrupted altar of Lugonu.
   487 | D        | Noticed a slime creature
   491 | D        | Killed a slime creature
   491 | D        | Reached skill level 6 in Short Blades
   491 | D        | Reached XP level 8. HP: 51/51 MP: 9/9
   506 | D        | Noticed a kobold demonologist
   507 | D        | Noticed a kobold demonologist
   509 | D        | Reached * piety under Kikubaaqudgha
   509 | D        | Identified Kikubaaqudgha's Tome of Sinister Arts {god gift} (Kikubaaqudgha gifted it to you in the Dungeon)
   509 | D        | Received a gift from Kikubaaqudgha
   509 | D        | Reached skill level 11 in Fighting
   522 | D        | Noticed a red devil
   577 | D        | Noticed an ice devil
   583 | D        | Noticed an orange demon
   584 | D        | Noticed a soul eater
   590 | D        | HP: 4/52 [white imp/puff of frost[a kobold demonologist] (10)]
   591 | D        | Slain by an orange demon

Skill      XL: |  1  2  3  4  5  6  7  8 |
---------------+-------------------------+-----
Fighting       | 3 5 7 10 11 | 11.0
Dodging        | 4 6 8 10 | 10.0
Stealth        | 7 9 11 14 | 14.7
Short Blades   | 5 6 |  6.7
Throwing       | |  2.0

Action                   |  1- 3 |  4- 6 |  7- 9 || total
-------------------------+-------+-------+-------++-------
Melee: Dagger            |    18 |     3 |    37 ||    58
 Fire: Blowgun           |     1 |     7 |       ||     8
  Use: Potion            |       |       |     2 ||     2
       Scroll            |       |       |     1 ||     1
 Stab: Sleeping          |     1 |     3 |     2 ||     6
Armor: Robe              |     1 |       |     5 ||     6
Dodge: Dodged            |     7 |     2 |    75 ||    84
